 Dungeon Crawl Stone Soup version 0.20.0 (webtiles) character file.

38644 Ryco the Severer (level 13, 0/122 HPs)
             Began as a Minotaur Fighter on June 5, 2017.
             Was the Champion of Okawaru.
             Slain by an orc warrior
             ... wielding a +0 short sword
              (4 damage)
             ... on level 1 of the Orcish Mines.
             The game lasted 01:23:48 (9009 turns).

Ryco the Severer (Minotaur Fighter)                 Turns: 9009, Time: 01:23:48

Health: 0/122      AC: 25    Str: 31    XL:     13   Next: 64%
Magic:  12/16      EV: 14    Int:  5    God:    Okawaru [******]
Gold:   1343       SH:  0    Dex: 15    Spells: 11/12 levels left

rFire    . . .     SeeInvis .   a - +2 executioner's axe (venom)
rCold    . . .     Gourm    .   (shield currently unavailable)
rNeg     . . .     Faith    .   w - +4 plate armour
rPois    .         Spirit   .   (helmet restricted)
rElec    .         Reflect  .   e - +0 cloak
rCorr    .         Harm     .   I - +0 pair of gloves
MR       .....                  C - +0 pair of boots
Stlth    ..........             p - amulet of rage
Regen    0.3/turn               v - ring of stealth
MPRegen  0.2/turn               (no ring)

@: mighty, agile
A: retaliatory headbutt, horns 2
a: Heroism, Finesse, Renounce Religion, Evoke Berserk Rage


You were on level 1 of the Orcish Mines.
You worshipped Okawaru.
Okawaru was exalted by your worship.
You were not hungry.

You visited 3 branches of the dungeon, and saw 20 of its levels.

You collected 1462 gold pieces.
You spent 119 gold pieces at shops.

Inventory:

Hand Weapons
 a - a +2 executioner's axe of venom (weapon)
 j - a +2 morningstar of protection
 r - a +0 battleaxe of venom
 t - the +7 spear of Day {drain, rN+}
   (You found it on level 4 of the Lair of Beasts)

   A truly terrible weapon, it drains the life of those it strikes.
   It protects you from negative energy.
 G - a +0 battleaxe of electrocution
Missiles
 l - a tomahawk (quivered)
Armour
 e - a +0 cloak (worn)
 w - a +4 plate armour (worn)
 C - a +0 pair of boots (worn)
 H - a +2 ring mail of cold resistance
 I - a +0 pair of gloves (worn)
 P - the +6 plate armour of the Meadowlark {*Corrode rC- Str+7 SInv}
   (You found it on level 6 of the Lair of Beasts)

   It affects your strength (+7).
   It makes you vulnerable to cold.
   It lets you see invisible.
   It may corrode you when you take damage.
Jewellery
 p - an amulet of rage (around neck)
 v - a ring of stealth (left hand)
Wands
 b - a wand of lightning (2/15)
 c - a wand of lightning (0/15)
 m - a wand of acid (6/15)
 o - a wand of acid (10/15)
 q - a wand of clouds (0/9)
 u - a wand of random effects (29/48)
 E - a wand of polymorph (13/24)
 K - a wand of polymorph (17/24)
 Q - a wand of iceblast (7/15)
Scrolls
 i - 5 scrolls of remove curse
 n - 5 scrolls of immolation
 s - a scroll of summoning
 x - a scroll of fear
 y - 6 scrolls of magic mapping
 B - a scroll of enchant armour
 F - 2 scrolls of teleportation
Potions
 d - 3 potions of flight
 z - 2 potions of haste
 D - a potion of curing
 N - a potion of brilliance
 O - a potion of lignification
 R - a potion of might
 S - a potion of ambrosia {unknown}
Miscellaneous
 h - a box of beasts
 M - a sack of spiders
Comestibles
 f - 9 bread rations
 g - 7 meat rations
 k - 12 fruits
 A - 2 royal jellies


   Skills:
 + Level 13.4 Fighting
 + Level 18.2 Axes
 * Level 13.8 Armour
 + Level 2.1 Dodging
   Level 3.6 Shields
 - Level 6.0 Invocations
 + Level 0.8 Evocations


You had 11 spell levels left.
You knew the following spells:

 Your Spells              Type           Power        Failure   Level  Hunger
a - Apportation           Tloc           #.....       96%         1    ##.....


Dungeon Overview and Level Annotations

Branches:
Dungeon (12/15)              Lair (6/6) D:11         Spider (0/4) Lair:4
  Slime (0/5) Lair:5          Orc (2/2) D:9             Elf (0/3) Orc:2
 Temple: D:4-7        Swamp: Lair:2-4    Shoals: Lair:2-4

Altars:
Dithmenos
Elyvilon
Fedhas
Gozag
Hepliaklqana
Nemelex Xobeh
Okawaru
Qazlal
Yredelemnul
Jiyva

Shops:
D:7 }   D:11 *


Innate Abilities, Weirdness & Mutations

You reflexively headbutt those who attack you in melee.
You have a pair of horns on your head.


Message History

You kill the orc!
You barely miss the hell hound. The hell hound bites you.
* * * LOW HITPOINT WARNING * * *
The orc warrior barely misses you. You furiously retaliate!
You headbutt the orc warrior.
The orc warrior hits you with a short sword.
* * * LOW HITPOINT WARNING * * *
The hell hound bites you but does no damage.
You slice the orc warrior!!
The orc warrior looks as sick as possible!
The orc warrior is almost dead.
You hit the hell hound but do no damage.
The hell hound is poisoned.
You barely miss the orc warrior.
You kill the orc warrior!
Okawaru accepts your kill. The orc warrior closely misses you.
You furiously retaliate!
You headbutt the orc warrior! The hell hound bites you.
* * * LOW HITPOINT WARNING * * *
The orc warrior hits you with a short sword.
You die...

#.................#...##....#
#.....#.......#.#.#.....###.##
#..#.........#...........#...#
............#.............#..##
#..##.###.....................###
#######......#...............#..#
##.#...........................
#............o)h).#......#....#
##............@<.............##
###..........))..[[.#......##
##......#......#[####.#..#
##..........#..[.# ###...#
##..............## ##.##
##..........#...# ##
##...........#..##
##....#...........#
##.#.....#........##


You could see an orc warrior and a hell hound.

Vanquished Creatures
  Azrael (Orc:1)
  Josephine (D:10)
  Harold (Lair:1)
  4 hydras
  A merfolk avatar (Lair:6)
  2 two-headed ogres
  A queen ant (Lair:3)
  A sea snake (Lair:6)
  2 harpies (Lair:6)
  An ugly thing (D:11)
  A manticore (Lair:6)
  2 elephants
  Joseph (D:9)
  5 spiny frogs
  2 black mambas (Lair:1)
  10 komodo dragons
  5 rime drakes
  5 trolls
  A jumping spider (Lair:4)
  3 hornets (Lair:6)
  3 polar bears (Lair:6)
  4 blink frogs (Lair:6)
  3 hippogriffs
  2 redbacks (Lair:4)
  4 wraiths (D:10)
  2 basilisks
  A wyvern (Lair:4)
  2 fire elementals
  2 hungry ghosts
  26 yaks
  2 wargs
  12 water moccasins
  2 hell hounds (Orc:1)
  5 soldier ants (Lair:3)
  3 porcupines
  24 orc warriors
  5 black bears
  3 ice beasts
  4 sky beasts
  4 ogres
  3 phantoms
  13 centaurs
  6 wolves (Lair:6)
  11 crocodiles
  14 bullfrogs
  3 scorpions
  A wyvern skeleton (D:5)
  7 killer bees
  4 howler monkeys
  2 bullfrog zombies
  5 crimson imps
  3 quasits
  A centaur zombie (D:5)
  6 hounds
  9 orc priests
  A bullfrog skeleton (D:9)
  3 jellies
  A centaur skeleton (D:11)
  5 iguanas
  14 orc wizards
  25 worker ants
  A killer bee zombie (D:6)
  Robin (D:4)
  7 gnolls
  10 adders
  5 shadow imps
  An ooze (D:3)
  An adder zombie (D:7)
  2 worms
  A dart slug (D:1)
  3 leopard geckos
  52 orcs
  7 bats
  2 giant cockroaches
  15 goblins
  8 hobgoblins
  5 jackals
  9 kobolds
  2 ball pythons
  2 frilled lizards
  A jackal skeleton (D:5)
  A quokka zombie (D:6)
  9 rats
  A fungus (Lair:1)
  2 plants
448 creatures vanquished.

Vanquished Creatures (collateral kills)
  Nergalle (Lair:1)
  A bullfrog (Lair:1)
2 creatures vanquished.

Vanquished Creatures (others)
  2 orcs (Orc:2)
  8 toadstools (Lair:3)
10 creatures vanquished.

Grand Total: 460 creatures vanquished

Notes
Turn   | Place    | Note
-------+----------+-------------------------------------------
     0 | D:1      | Ryco the Minotaur Fighter began the quest for the Orb.
     0 | D:1      | Reached XP level 1. HP: 19/19 MP: 0/0
    85 | D:2      | Reached XP level 2. HP: 27/27 MP: 1/1
   125 | D:4      | Noticed a howler monkey
   171 | D:3      | Found a hazy altar of Hepliaklqana.
   172 | D:3      | Noticed a killer bee
   411 | D:1      | Reached XP level 3. HP: 33/33 MP: 2/2
   911 | D:4      | Reached skill level 3 in Axes
   911 | D:4      | Reached XP level 4. HP: 40/41 MP: 3/3
   931 | D:4      | Found an iron altar of Okawaru.
   950 | D:4      | Became a worshipper of Warmaster Okawaru
   957 | D:4      | Reached skill level 5 in Fighting
   957 | D:4      | Reached skill level 4 in Axes
   957 | D:4      | Reached XP level 5. HP: 34/48 MP: 4/4
   977 | D:4      | Noticed Robin
   983 | D:4      | Reached skill level 5 in Armour
   986 | D:4      | Killed Robin
  1071 | D:5      | Entered Level 5 of the Dungeon
  1090 | D:5      | Reached skill level 5 in Axes
  1125 | D:6      | Reached * piety under Okawaru
  1126 | D:6      | Reached XP level 6. HP: 31/56 MP: 5/5
  1210 | D:7      | Reached skill level 6 in Axes
  1254 | D:7      | Found a shadowy altar of Dithmenos.
  1385 | D:7      | Found Awnocepai's Gadget Boutique.
  1406 | D:7      | Reached skill level 7 in Axes
  1406 | D:7      | Reached XP level 7. HP: 43/62 MP: 6/6
  1494 | D:7      | Noticed a hungry ghost
  1511 | D:7      | Killed a hungry ghost
  1511 | D:7      | Reached ** piety under Okawaru
  1519 | D:7      | Reached skill level 8 in Axes
  1547 | D:6      | Found a basalt altar of Yredelemnul.
  1582 | D:6      | Found a white marble altar of Elyvilon.
  1804 | D:6      | Reached skill level 9 in Axes
  1804 | D:6      | Reached XP level 8. HP: 59/70 MP: 7/7
  1855 | D:5      | Reached skill level 1 in Invocations
  1857 | D:5      | Reached *** piety under Okawaru
  1894 | D:5      | Reached skill level 10 in Axes
  1921 | D:5      | Found a stormy altar of Qazlal.
  1994 | D:4      | Found an opulent altar of Gozag.
  2802 | D:5      | Reached skill level 11 in Axes
  3008 | D:8      | Reached **** piety under Okawaru
  3008 | D:8      | Reached XP level 9. HP: 66/78 MP: 8/8
  3057 | D:8      | Reached skill level 12 in Axes
  3079 | D:8      | Noticed a two-headed ogre
  3104 | D:8      | Killed a two-headed ogre
  3104 | D:8      | Reached skill level 13 in Axes
  3157 | D:8      | Found a sparkling altar of Nemelex Xobeh.
  3330 | D:9      | Reached XP level 10. HP: 75/88 MP: 6/9
  3343 | D:9      | Found a blossoming altar of Fedhas.
  3461 | D:9      | Noticed Joseph
  3482 | D:9      | Killed Joseph
  3599 | D:9      | Reached skill level 14 in Axes
  3626 | D:9      | Found a staircase to the Orcish Mines.
  3635 | Orc:1    | Entered Level 1 of the Orcish Mines
  3668 | Orc:1    | Reached ***** piety under Okawaru
  3777 | Orc:2    | Entered Level 2 of the Orcish Mines
  3777 | Orc:2    | Noticed Azrael
  3811 | Orc:2    | Received a gift from Okawaru
  3822 | Orc:2    | Found a staircase to the Elven Halls.
  3873 | Orc:2    | Reached skill level 1 in Dodging
  4126 | Orc:1    | Reached skill level 10 in Fighting
  4728 | D:9      | Noticed an eight-headed hydra
  4893 | D:10     | Entered Level 10 of the Dungeon
  4929 | D:10     | Reached XP level 11. HP: 29/101 MP: 9/12
  4934 | D:10     | Reached skill level 10 in Armour
  5586 | D:10     | Noticed Josephine
  5601 | D:10     | Killed Josephine
  5907 | D:11     | Noticed a two-headed ogre
  5911 | D:11     | Killed a two-headed ogre
  5949 | D:11     | Noticed a red ugly thing
  5983 | D:11     | Killed a red ugly thing
  5996 | D:11     | Found Zyevou's General Store.
  6003 | D:11     | Bought a scroll of magic mapping for 49 gold pieces
  6003 | D:11     | Bought a potion of heal wounds for 70 gold pieces
  6026 | D:11     | Reached skill level 15 in Axes
  6224 | D:11     | Reached skill level 5 in Invocations
  6227 | D:11     | Received a gift from Okawaru
  6229 | D:11     | Found a staircase to the Lair.
  6255 | Lair:1   | Entered Level 1 of the Lair of Beasts
  6493 | Lair:1   | Reached XP level 12. HP: 81/110 MP: 14/14
  6671 | Lair:1   | Noticed Harold
  6673 | Lair:1   | Noticed Nergalle
  6675 | Lair:1   | HP: 2/110 [Harold/bolt of fire (22)]
  6679 | Lair:1   | Identified a scroll of acquirement
  6680 | Lair:1   | Killed Nergalle
  6708 | Lair:1   | Noticed an eight-headed hydra
  6717 | Lair:1   | Killed Harold
  6725 | Lair:1   | Killed an eight-headed hydra
  6725 | Lair:1   | Reached skill level 16 in Axes
  7119 | Lair:3   | Noticed a queen ant
  7130 | Lair:3   | Killed a queen ant
  7267 | Lair:3   | Learned a level 1 spell: Apportation
  7305 | Lair:4   | Got an ichor-stained spear
  7306 | Lair:4   | Identified the +7 spear of Day {drain, rN+} (You found it on level 4 of the Lair of Beasts)
  7376 | Lair:4   | Found a hole to the Spider Nest.
  7484 | Lair:5   | Found a viscous altar of Jiyva.
  7484 | Lair:5   | Found a staircase to the Slime Pits.
  7543 | Lair:6   | Entered Level 6 of the Lair of Beasts
  7568 | Lair:6   | Reached skill level 17 in Axes
  7625 | Lair:6   | Reached XP level 13. HP: 85/119 MP: 16/16
  7645 | Lair:6   | Paralysed by a hornet for 3 turns
  8009 | Lair:6   | Reached ****** piety under Okawaru
  8035 | Lair:6   | Received a gift from Okawaru
  8087 | Lair:6   | Got an encrusted plate armour
  8088 | Lair:6   | Identified the +6 plate armour of the Meadowlark {*Corrode rC- Str+7 SInv} (You found it on level 6 of the Lair of Beasts)
  8461 | Lair:4   | Reached skill level 18 in Axes
  8997 | Orc:1    | Killed Azrael
  9008 | Orc:1    | HP: 5/122 [orc warrior/short sword (2)]
  9009 | Orc:1    | Slain by an orc warrior

Skill      XL: |  1  2  3  4  5  6  7  8  9 10 11 12 13 |
---------------+----------------------------------------+-----
Armour         | 4 5 6 7 9 11 13 | 13.8
Fighting       | 4 5 6 8 10 11 12 13 | 13.4
Axes           | 3 4 5 7 9 11 13 14 15 17 18 | 18.2
Invocations    | 1 3 5 6 |  6.0
Dodging        | 1 2 |  2.1
Shields        | |  3.6
Evocations     | |  0.8

Action                   |  1- 3 |  4- 6 |  7- 9 | 10-12 | 13-15 || total
-------------------------+-------+-------+-------+-------+-------++-------
Melee: War axe           |    87 |    78 |   257 |   144 |       ||   566
       Headbutt          |    16 |    12 |    34 |   102 |    28 ||   192
       Battleaxe         |       |       |       |   297 |       ||   297
       Broad axe         |       |       |       |     1 |       ||     1
       Executioner's axe |       |       |       |   101 |   112 ||   213
       Morningstar       |       |       |       |     5 |    11 ||    16
       Punch             |       |       |       |     1 |     1 ||     2
       Spear             |       |       |       |       |    11 ||    11
Throw: Tomahawk          |       |       |       |     1 |     1 ||     2
Invok: Heroism           |       |       |     4 |    19 |     3 ||    26
       Finesse           |       |       |       |     9 |     2 ||    11
 Abil: Evoke Berserk Rag |       |       |     1 |       |       ||     1
Evoke: Wand              |       |       |     1 |     7 |       ||     8
  Use: Scroll            |     3 |       |     9 |    13 |     3 ||    28
       Potion            |       |     1 |     2 |     7 |     5 ||    15
 Stab: Confused          |       |       |     1 |       |       ||     1
       Distracted        |       |       |       |     1 |       ||     1
  Eat: Chunk             |       |     1 |     1 |       |       ||     2
       Royal jelly       |       |     1 |     2 |     3 |       ||     6
       Meat ration       |       |       |     2 |     1 |       ||     3
       Fruit             |       |       |       |    10 |       ||    10
Armor: Scale mail        |    15 |       |       |       |       ||    15
       Chain mail        |    25 |    56 |    30 |       |       ||   111
       Plate armour      |       |       |    94 |   318 |   171 ||   583
       Skin              |       |       |    55 |    13 |       ||    68
Dodge: Dodged            |    23 |    16 |    47 |   175 |   130 ||   391
Block: Shield            |    56 |    46 |   140 |    93 |       ||   335
